 Dungeon Crawl Stone Soup version 0.27.1-33-g824d729ab1 (webtiles) character file.

Game seed: 15591646079866075572

165 bpung the Chopper (level 5, -6/47 HPs)
             Began as a Minotaur Berserker on Dec 1, 2021.
             Was a Believer of Trog.
             Killed from afar by an electric eel (9 damage)
             ... with a bolt of electricity
             ... on level 3 of the Dungeon.
             The game lasted 00:05:02 (2442 turns).

bpung the Chopper (Minotaur Berserker)              Turns: 2442, Time: 00:05:03

Health: -6/47      AC: 10    Str: 23    XL:     5   Next: 21%
Magic:  4/4        EV: 10    Int:  4    God:    Trog [**....]
Gold:   122        SH:  5    Dex:  9    Spells: 4/4 levels left

rFire    . . .     SeeInvis .   a - +0 hand axe
rCold    + . .     Faith    .   (no shield)
rNeg     . . .     Spirit   .   i - +0 scale mail
rPois    .         Reflect  +   (helmet restricted)
rElec    .         Harm     .   q - +0 cloak
rCorr    .         Rampage  .   e - +0 pair of gloves
Will     .....                  l - +0 pair of boots
Stlth    ..........             r - amulet of reflection
HPRegen  0.15/turn              o - ring of protection from cold
MPRegen  0.09/turn              (no ring)

@: on berserk cooldown, slowed, very slow
A: horns 2, retaliatory headbutt
a: Renounce Religion, Berserk, Trog's Hand


You were on level 3 of the Dungeon.
You worshipped Trog.
Trog was pleased with you.
You visited 1 branch of the dungeon, and saw 3 of its levels.

You collected 122 gold pieces.

Inventory:

Hand Weapons
 a - a +0 hand axe (weapon)
Armour
 e - a +0 pair of gloves (worn)
 i - a +0 scale mail (worn)
 l - a +0 pair of boots (worn)
 q - a +0 cloak (worn)
Jewellery
 f - an amulet of magic regeneration
 o - a ring of protection from cold (left hand)
 r - an amulet of reflection (around neck)
Wands
 t - a wand of flame (16)
Scrolls
 b - a scroll of amnesia {unknown}
 c - 2 scrolls of brand weapon {unknown}
 d - a scroll of identify {unknown}
 j - a scroll of enchant armour {unknown}
 n - a scroll of acquirement {unknown}
 s - 3 scrolls of vulnerability {unknown}
Potions
 g - a potion of might {unknown}
 h - a potion of heal wounds {unknown}
 k - a potion of attraction {unknown}
 m - 3 potions of curing
 p - a potion of flight {unknown}


   Skills:
 + Level 4.7 Fighting
 + Level 4.8 Axes
 + Level 3.9 Armour
 - Level 2.1 Dodging
 + Level 2.4 Unarmed Combat


You had 4 spell levels left.
You didn't know any spells.
Your spell library was empty.

Dungeon Overview and Level Annotations

Branches:
Dungeon (3/15)

Altars:
Makhleb

Annotations:
D:3 1 transporter


Innate Abilities, Weirdness & Mutations

You have a pair of horns on your head.
You reflexively headbutt those who attack you in melee.


Message History

The bolt of electricity misses you.
You closely miss the electric eel. Your headbutt misses the electric eel.
You slash the electric eel!
The electric eel shoots out a bolt of lightning at you!
The bolt of electricity hits you!
You barely miss the electric eel. Your headbutt misses the electric eel.
You closely miss the electric eel.
The electric eel shoots out a bolt of lightning at you!
The bolt of electricity hits you. x2
You miss the electric eel. You headbutt the electric eel.
The electric eel is lightly wounded.
You slash the electric eel!
You kill the electric eel!
Trog accepts your kill.
You hear a splash.
You have reached level 5!
You closely miss the electric eel.
The electric eel is lightly wounded.
You closely miss the electric eel.
The electric eel is lightly wounded.
You barely miss the electric eel.
The electric eel is lightly wounded.
You closely miss the electric eel. Your headbutt misses the electric eel.
The electric eel is lightly wounded.
You completely miss the electric eel.
The electric eel is lightly wounded.
You are no longer berserk.
You are exhausted.
You feel yourself slow down.
The electric eel shoots out a bolt of lightning at you!
The bolt of electricity hits you!
* * * LOW HITPOINT WARNING * * *
The bolt of electricity hits you.
* * * LOW HITPOINT WARNING * * *
It was a potion of curing.
You feel better.
The electric eel shoots out a bolt of lightning at you!
The bolt of electricity hits you!
* * * LOW HITPOINT WARNING * * *
The bolt of electricity hits you!
You die...

...........##.#...#.#........####
#############.#...#.#............
#.#...#.####......... #(#####.#
#.........
###.......####.........
#..................####
#.###############..##
.######.#8P#†;≈≈≈≈≈#P8#...#
........#..#@.P≈P≈≈#..#...#
.####..©#©.'..≈⌠P≈≈+?©#©..#
##..#..#..≈P≈P≈#..#..##
##.#8P#≈≈≈≈≈≈≈#P8#.##
#.###############.#
#.................#
###################


You could see an electric eel.

Vanquished Creatures
  An electric eel (D:3)
  Jessica (D:2)
  A gnoll (D:1)
  2 adders (D:2)
  A worm (D:2)
  2 dart slugs
  3 orcs (D:3)
  4 bats
  An endoplasm (D:2)
  A giant cockroach (D:2)
  4 hobgoblins
  7 jackals (D:1)
  2 quokkas (D:1)
  3 ball pythons
  5 frilled lizards
  8 goblins
  11 kobolds
  5 rats
62 creatures vanquished.

Notes
Turn   | Place    | Note
-------+----------+-------------------------------------------
     0 | D:1      | bpung the Minotaur Berserker began the quest for the Orb.
     0 | D:1      | Reached XP level 1. HP: 19/19 MP: 0/0
    42 | D:1      | Reached XP level 2. HP: 3/27 MP: 1/1
   315 | D:1      | Reached skill level 1 in Unarmed Combat
   470 | D:1      | Found a faded altar of an unknown god.
   727 | D:1      | Reached XP level 3. HP: 29/33 MP: 2/2
   740 | D:1      | Reached ** piety under Trog
  1216 | D:2      | Noticed Jessica
  1235 | D:2      | Killed Jessica
  1236 | D:2      | Reached XP level 4. HP: 35/41 MP: 3/3
  2018 | D:3      | Found a burning altar of Makhleb.
  2018 | D:3      | Noticed a cacodemon
  2021 | D:3      | Noticed a hellwing
  2021 | D:3      | Noticed a neqoxec
  2233 | D:3      | Found a transporter.
  2254 | D:3      | Found a transporter.
  2437 | D:3      | Reached XP level 5. HP: 35/47 MP: 4/4
  2441 | D:3      | HP: 2/47 [electric eel/bolt of electricity (6)]
  2442 | D:3      | Killed from afar by an electric eel

Illustrated notes

Levels and vault maps discovered:
D:1:      lemuel_arrival_river_ford, layout_basic, ebering_ecumenical_altar_webs
D:2:      layout_basic, uniq_jessica
D:3:      gammafunk_steamed_eel, layout_basic, makhleb_altar_promises_db

Skill      XL: |  1  2  3  4 |
---------------+-------------+-----
Unarmed Combat | 1 2 |  2.4
Fighting       | 4 |  4.7
Axes           | 4 |  4.8
Armour         | 3 |  3.9
Dodging        | |  2.1

Action                   |  1- 3 |  4- 6 || total
-------------------------+-------+-------++-------
Melee: Hand axe          |    87 |    57 ||   144
       Headbutt          |    13 |     8 ||    21
Invok: Berserk           |     1 |     1 ||     2
  Use: Potion            |       |     1 ||     1
Armor: Animal skin       |    11 |       ||    11
       Scale mail        |    20 |    27 ||    47
Dodge: Dodged            |    40 |    28 ||    68
Block: Other             |       |    10 ||    10
       Reflection        |       |     1 ||     1
